 Dungeon Crawl Stone Soup version 0.28.0-43-g3370ac3207 (webtiles) character file.

Game seed: 16869602824692416857

159 zeratav the Insei (level 5, 0/34 HPs)
             Began as an Octopode Transmuter on Apr 2, 2022.
             Slain by an adder (4 damage)
             ... on level 3 of the Dungeon.
             The game lasted 00:07:06 (3089 turns).

zeratav the Insei (Octopode Transmuter)             Turns: 3089, Time: 00:07:06

Health: 0/34       AC:  2    Str:  9    XL:     5   Next: 40%
Magic:  1/9        EV: 20    Int: 17    God:
Gold:   126        SH:  0    Dex: 24    Spells: 5/9 levels left

rFire   . . .      SeeInvis .     - Unarmed
rCold   . . .      Faith    .   (shield currently unavailable)
rNeg    . . .      Spirit   .   (helmet currently unavailable)
rPois   x          Reflect  .   (no amulet)
rElec   .          Harm     .   h - +6 ring of dexterity
rCorr   .          Rampage  .   (no ring)
Will    .....                   (no ring)
Stlth   ++........              (no ring)
HPRegen 0.11/turn               (no ring)
MPRegen 0.11/turn               (no ring)
                                (no ring)
                                (no ring)

@: spider-form
A: venomous fangs, almost no armour, (amphibious), 8 rings, tiny, (camouflage
1), (gelatinous body 1), (nimble swimmer 1), (tentacles)
a: End Transformation


You were on level 3 of the Dungeon.
You were a venomous arachnid creature.
You visited 1 branch of the dungeon, and saw 4 of its levels.

You collected 126 gold pieces.

Inventory:

Missiles
 m - 38 sling bullets
Jewellery
 h - a +6 ring of dexterity (left front leg)
Scrolls
 b - 3 scrolls of enchant armour {unknown}
 f - 2 scrolls of teleportation {unknown}
 g - 4 scrolls of identify {unknown}
 i - a scroll of amnesia {unknown}
 j - 2 scrolls of magic mapping {unknown}
 n - a scroll of summoning {unknown}
Potions
 a - 3 potions of magic {unknown}
 c - 2 potions of brilliance {unknown}
 d - a potion of lignification {unknown}
 e - a potion of haste {unknown}
 k - a potion of curing {unknown}
 l - a potion of might {unknown}


   Skills:
 * Level 2.0 Fighting
 + Level 2.3 Dodging
 + Level 3.8 Unarmed Combat
 + Level 2.6 Spellcasting
 * Level 3.1 Transmutations
 * Level 2.0 Poison Magic


You had 5 spell levels left.
You knew the following spells:

 Your Spells              Type           Power      Damage    Failure   Level
a - Beastly Appendage     Tmut           26%        N/A       14%         1
b - Spider Form           Tmut/Pois      11%        N/A       38%         3

Your spell library contained the following spells:

 Spells                   Type           Power      Damage    Failure   Level
 Wereblood                Tmut           13%        N/A       21%         2
 Ice Form                 Ice/Tmut       7%         N/A       85%         4


Dungeon Overview and Level Annotations

Branches:
Dungeon (4/15)
 Temple: D:4-7

Altars:


Innate Abilities, Weirdness & Mutations

You are a venomous arachnid creature.
You have poisonous fangs.
You are tiny and dextrous.
Your spellcasting is less reliable in this form.
Your armour is entirely melded.
You are incapable of wielding weapons or throwing items.
You cannot wear most types of armour.
((You are amphibious.))
You can wear up to eight rings at the same time.
((Your skin changes colour to match your surroundings (Stealth+).))
((Your rubbery body absorbs attacks. (AC +1, EV +1)))
((You are camouflaged when in or above water. (Stealth+)))
((You have tentacles for arms and can constrict up to eight enemies at once.))


Message History

You barely miss the hound. You squeeze the hound.
The hound is severely wounded.
You constrict the hound, but do no damage.
You feel sick. The hound barely misses you. The adder barely misses you.
You tentacle-slap the hound. Your squeeze misses the hound.
The hound is severely wounded.
You constrict the hound.
You feel sick.
You are no longer poisoned.
The hound bites you. The adder bites you. The hound bites you.
* * * LOW HITPOINT WARNING * * *
You tentacle-slap the hound but do no damage.
The hound is severely wounded.
You constrict the hound. The adder barely misses you.
The hound barely misses you.
You tentacle-slap the hound but do no damage.
You squeeze the hound, but do no damage.
The hound is almost dead.
You constrict the hound.
You kill the hound!
The adder completely misses you.
Your magical contamination has completely faded away.
Your Fighting skill increases to level 2!
Your Poison Magic skill increases to level 2!
The adder misses you.
There is a stone staircase leading up, spattered with blood here.
The adder bites you.
* * * LOW HITPOINT WARNING * * *
You climb upwards.
There is a stone staircase leading down here.
Casting: Spider Form (quite dangerous; 19% risk of failure)
Confirm with . or Enter, or press ? or * to list all spells.
The spell is quite dangerous to miscast (19% risk of failure)!
Continue anyway?
You turn into a venomous arachnid creature.
The adder misses you. x2
You hit the adder but do no damage. The adder misses you.
You completely miss the adder. The adder bites you.
* * * LOW HITPOINT WARNING * * *
Unknown command.
You closely miss the adder. The adder bites you.
You die...

............[.####.......##......
#.............####.#.............
#........................#.......
#........................<.......
#........................##......
..##..........##.........##......
..##...........#.........##.....#
.............#.S.........##......
..#.............s........##......
.............####.........##..#.#
.............###...........#..#.#
..#.........#............#...#...
^.#...........#######...###..#...
.._..........########............
............................##...
.##.........##...................
............##.......<##.#...#...


You could see an adder.

Vanquished Creatures
  A hound (D:4)
  An iguana (D:4)
  4 gnolls
  3 adders (D:3)
  3 bats
  5 endoplasms
  2 giant cockroaches
  A goblin (D:1)
  3 hobgoblins
  3 quokkas (D:1)
  6 ball pythons
  3 frilled lizards
  4 kobolds
  2 rats
41 creatures vanquished.

Notes
Turn   | Place    | Note
-------+----------+-------------------------------------------
     0 | D:1      | zeratav the Octopode Transmuter began the quest for the
                  | Orb.
     0 | D:1      | Reached XP level 1. HP: 13/13 MP: 3/3
   123 | D:1      | Reached XP level 2. HP: 10/18 MP: 3/5
  1311 | D:2      | Reached XP level 3. HP: 23/23 MP: 4/6
  1342 | D:2      | Reached skill level 1 in Poison Magic
  1740 | D:2      | Reached XP level 4. HP: 26/28 MP: 4/7
  2168 | D:3      | Found a faded altar of an unknown god.
  2812 | D:4      | Reached XP level 5. HP: 9/34 MP: 6/8
  3041 | D:3      | Learned a level 3 spell: Spider Form
  3089 | D:3      | Slain by an adder

Illustrated notes

Levels and vault maps discovered:
D:1:      psy_arrival_spokes, layout_basic
D:2:      layout_basic, serial_aquarium, aquarium_bridge_straight
          [aquarium_subvault_bridge, aquarium_subvault_wall,
          aquarium_subvault_bridge, aquarium_subvault_wall], aquarium_window_2,
          aquarium_window_3, aquarium_view_2c, aquarium_balcony_5b,
          aquarium_pool_2, minmay_misc_feat_four_crosses
D:3:      layout_rooms, basic_ecumenical_altar
D:4:      layout_cave_pools, mainiacjoe_overflow_surrounded_room

Skill      XL: |  1  2  3  4  5 |
---------------+----------------+-----
Poison Magic   | 1 2 |  2.0
Transmutations | 3 |  3.1
Fighting       | 2 |  2.0
Dodging        | |  2.3
Unarmed Combat | |  3.8
Spellcasting   | |  2.6

Action                   |  1- 3 |  4- 6 || total
-------------------------+-------+-------++-------
Melee: Unarmed           |    59 |    39 ||    98
       Kick              |    12 |    11 ||    23
       Constrict         |    13 |    10 ||    23
       Punch             |     3 |     3 ||     6
       Tentacles         |     6 |    10 ||    16
 Cast: Beastly Appendage |    20 |     8 ||    28
       Spider Form       |       |     1 ||     1
 Stab: Sleeping          |     4 |     2 ||     6
Armor: Skin              |    10 |     2 ||    12
Dodge: Dodged            |    52 |    31 ||    83
